 Dungeon Crawl Stone Soup version 0.30.0-29-ga12c61a403 (webtiles) character file.

Game seed: 16077702535426290453

41 Graphine the Caller (level 3, -3/27 HPs)
             Began as a Demonspawn Wanderer on June 22, 2023.
             Slain by Natasha (8 damage)
             ... on level 2 of the Dungeon.
             The game lasted 00:06:32 (1811 turns).

Graphine the Caller (Demonspawn Wanderer)           Turns: 1811, Time: 00:06:32

Health: -3/27      AC:  2    Str: 12    XL:     3   Next: 32%
Magic:  5/6        EV: 11    Int: 18    God:
Gold:   81         SH:  3    Dex:  9    Spells: 5/6 levels left

rFire   + . .        e - staff of earth "Xirrela" {rElec Will+ Stlth+}
rCold   . . .        r - +0 buckler
rNeg    + . .        c - +0 robe
rPois   .            (no helmet)
rElec   +            (no cloak)
rCorr   .            (no gloves)
SInv    .            (no boots)
Will    +....        (no amulet)
Stlth   +            h - ring of protection from fire
HPRegen 0.24/turn    k - ring of positive energy
MPRegen 0.10/turn

%: no passive effects
@: silenced
A: foul stench 1
a: no special abilities


You were on level 2 of the Dungeon.
You visited 1 branch of the dungeon, and saw 2 of its levels.

You collected 95 gold pieces.
You spent 14 gold pieces at shops.

Inventory:

Hand Weapons
 a - a +0 club
Missiles
 t - 6 atropa-tipped darts (quivered)
Armour
 c - a +0 robe (worn)
 p - a +0 ring mail
 r - a +0 buckler (worn)
Magical Staves
 e - the staff of earth "Xirrela" (weapon) {rElec Will+ Stlth+}
   (You acquired it on level 1 of the Dungeon)

   [staff of earth]

   Base accuracy: +5 Base damage: 5 Base attack delay: 1.2 This weapon's minimum
   attack delay (0.6) is reached at skill level 12.
   rElec:     It insulates you from electricity.
   Will:      It increases your willpower.
   Stlth:     It makes you more stealthy.
   It falls into the 'Staves' category.
   It is a one-handed weapon.
Jewellery
 h - a ring of protection from fire (left hand)
 k - a ring of positive energy (right hand)
 v - a ring of resist corrosion
Scrolls
 d - a scroll of vulnerability
 f - 3 scrolls of identify {unknown}
 i - a scroll of magic mapping {unknown}
 o - a scroll of enchant weapon {unknown}
 u - a scroll of amnesia {unknown}
 w - a scroll of fog {unknown}
 y - a scroll of summoning {unknown}
Potions
 g - 4 potions of curing {unknown}
 j - a potion of attraction {unknown}
 l - a potion of lignification {unknown}
 m - a potion of flight {unknown}
 n - a potion of degeneration
 q - a potion of brilliance {unknown}
 s - a potion of ambrosia {unknown}
 x - a potion of magic {unknown}


   Skills:
 + Level 2.2 Fighting
 - Level 0.6 Maces & Flails
 + Level 0.0(0.3) Staves
 + Level 0.6 Armour
 + Level 0.6 Dodging
 - Level 1.0 Stealth
 + Level 0.5 Shields
 + Level 2.3 Spellcasting
 + Level 3.2 Summonings
 + Level 0.1 Earth Magic
 - Level 2.0 Poison Magic
 + Level 0.1 Invocations
 + Level 0.1 Evocations


You had 5 spell levels left.
You knew the following spells:

 Your Spells              Type           Power      Damage    Failure   Level
a - Summon Small Mammal   Summ           52%        N/A       6%          1

Your spell library contained the following spells:

 Spells                   Type           Power      Damage    Failure   Level
 Sting                    Tmut/Pois      20%        1d4       17%         1
 Lesser Beckoning         Tloc           4%         N/A       36%         2
 Spider Form              Tmut/Pois      5%         N/A       45%         3
 Gell's Gravitas          Tloc           2%         N/A       58%         3
 Teleport Other           Tloc           2%         N/A       58%         3
 Animate Armour           Summ/Erth      24%        N/A       77%         4
 Summon Ice Beast         Ice/Summ       7%         N/A       77%         4


Dungeon Overview and Level Annotations

Branches:
Dungeon (2/15)

Altars:
Ru

Shops:
D:1 [!(   D:2 (

Annotations:
D:2 Natasha


Innate Abilities, Weirdness & Mutations

You may rarely emit foul miasma when damaged in melee.


Message History

Your quokka misses Natasha. Natasha claws you but does no damage.
You hit Natasha but do no damage.
Your quokka closely misses Natasha.
Natasha closely misses you.
Your quokka barely misses Natasha.
You closely miss Natasha. Natasha barely misses you.
You hit Natasha.
Natasha is lightly wounded.
Natasha claws you.
Your quokka completely misses Natasha.
Your rat barely misses Natasha.
Natasha casts a spell.
You hit Natasha.
Natasha is lightly wounded.
Your quokka barely misses Natasha.
Your rat bites Natasha.
Your quokka bites Natasha.
Natasha closely misses you. The cerulean imp misses you.
You barely miss Natasha.
Natasha is moderately wounded.
Your rat bites Natasha.
Your quokka bites Natasha.
Natasha claws your quokka.
Your quokka dies!
Your quokka's corpse disappears in a puff of smoke!
The cerulean imp barely misses you.
Your rat completely misses Natasha.
Natasha hisses angrily.
You hit Natasha but do no damage.
Natasha is severely wounded.
Natasha stares at you and mumbles some strange words.
The magic dart hits you!
The cerulean imp hits you from afar with a +0 spear.
Your rat barely misses Natasha.
You aren't carrying any items that you can evoke.
Unknown command.
Okay, then.
As you read the scroll of silence, it crumbles to dust.
A profound silence engulfs you. Natasha claws you.
* * * LOW HITPOINT WARNING * * *
The cerulean imp hits you from afar with a +0 spear.
* * * LOW HITPOINT WARNING * * *
Your rat misses Natasha. You hit Natasha.
Natasha is almost dead.
Natasha claws you!
You die...

#.........##....#..###.........
###.##...#####....#
.########.#.. ....#...## #....#
..#.......##. ...##.#.#
#####.#.#.########.
.....>#.#### #####.#... ##
..#####.. .. #...?..... #
..####### #.# #......... #
......#####.. #......... #
.........###.##.@...?...
..###.##......5.h....... ###
#...#####..r#######.
###>..##..........#
###.##..........#
#.##..........# #..........<..#
####..........# #..........#


You could see Natasha (ally target), a cerulean imp (summoned) and a friendly
rat (summoned).

Vanquished Creatures
  3 endoplasms
  2 goblins (D:1)
  3 hobgoblins (D:1)
  2 jackals (D:1)
  A kobold (D:1)
  A quokka (D:1)
  2 frilled lizards
  4 rats
18 creatures vanquished.

Vanquished Creatures (collateral kills)
  A worm (D:2)
  2 dart slugs
  An endoplasm (D:2)
  A goblin (D:2)
  2 hobgoblins
  A jackal (D:1)
  A quokka (D:1)
  A ball python (D:2)
  A bat (D:1)
  2 rats
13 creatures vanquished.

Grand Total: 31 creatures vanquished

Notes
Turn   | Place    | Note
-------+----------+-------------------------------------------
     0 | D:1      | Graphine the Demonspawn Wanderer began the quest for the
                  | Orb.
     0 | D:1      | Graphine set off with the following items: a +0 club, a
                  | scroll of silence, a +0 robe, a scroll of vulnerability;
                  | and the following spells available to memorise: Summon
                  | Small Mammal, Sting, Spider Form, Animate Armour, Summon
                  | Ice Beast.
     0 | D:1      | Reached XP level 1. HP: 16/16 MP: 3/3
     4 | D:1      | Learned a level 1 spell: Summon Small Mammal
    59 | D:1      | Found Petog's Antique Armour Boutique.
   248 | D:1      | Gained mutation: You may rarely emit foul miasma when
                  | damaged in melee. [demonic ancestry]
   248 | D:1      | Reached XP level 2. HP: 11/22 MP: 1/5
   317 | D:1      | Found Tuon's Antique Weapon Boutique.
   528 | D:1      | Found Sayzer Edode's Distillery.
   539 | D:1      | Bought a potion of degeneration for 14 gold pieces
  1254 | D:1      | Identified a scroll of acquirement
  1254 | D:1      | Acquired the staff of earth "Xirrela" {rElec Will+ Stlth+}
  1273 | D:2      | Found Isoecagom's Weapon Boutique.
  1276 | D:2      | Found a sacrificial altar of Ru.
  1319 | D:2      | Reached XP level 3. HP: 27/27 MP: 2/6
  1797 | D:2      | Noticed Natasha
  1811 | D:2      | Slain by Natasha

Illustrated notes

Levels and vault maps discovered:
D:1:      mrwooster_arrival_statue_2, layout_loops_corners, serial_shops,
          nicolae_shop_tiny_waterfront, shop, nicolae_shop_scrapyard
D:2:      layout_rooms, serial_shops, nicolae_shop_bloodbath_and_beyond,
          basic_altar, dreamdust_ecumenical_altar_angels_and_demons,
          kennysheep_big_empty_room, chequers_big_river, uniq_natasha

Action                     || total
---------------------------++-------
  Melee: Club              ||    52
         Staff             ||    22
   Cast: Summon Small Mamm ||    50
    Use: Scroll            ||     2
   Stab: Distracted        ||     1
 Armour: Robe              ||    17
  Dodge: Dodged            ||    40
  Block: Buckler           ||     6
